 Dungeon Crawl Stone Soup version 0.17-a0-1007-gb2305a1 (webtiles) character file.

3001 PhynixH2O the Blocker (level 9, -5/74 HPs)
             Began as a Hill Orc Fighter on May 12, 2015.
             Killed by divine providence
             ... invoked by an orc priest
              (9 damage)
             ... on level 7 of the Dungeon on May 13, 2015.
             The game lasted 01:01:47 (9606 turns).

PhynixH2O the Blocker (Hill Orc Fighter)            Turns: 9606, Time: 01:01:49

Health: -5/74      AC: 13    Str: 22    XL:     9   Next: 84%
Magic:  9/9        EV:  8    Int:  8    God:
Gold:   376        SH: 13    Dex: 10    Spells: 0 memorised, 8 levels left

rFire  . . .     SeeInvis .     a - +1 long sword
rCold  . . .     Clarity  .     o - +0 chain mail
rNeg   . . .     SustAb   .     c - +1 shield
rPois  .         Gourm    .     (no helmet)
rElec  .         Spirit   .     (no cloak)
rCorr  .         Warding  .     (no gloves)
rMut   +         Stasis   .     (no boots)
MR     .....                    n - amulet of resist mutation
Stlth  ..........               m - +2 ring of protection
                                w - ring of teleport control

@: very slightly contaminated, not resistant to hostile enchantments, extremely
unstealthy
A: molten scales 1, mutation resistance 1
a: Convert to Beogh, Evoke Teleport Control


You were on level 7 of the Dungeon.
You were not hungry.

You visited 1 branch of the dungeon, and saw 7 of its levels.

You collected 436 gold pieces.
You spent 60 gold pieces at shops.

Inventory:

Hand weapons
 a - a +1 long sword (weapon)
 F - a +0 shortbow
 H - a +0 shortbow
Missiles
 G - 60 arrows
Armour
 c - a +1 shield (worn)
 o - a +0 chain mail (worn)
 r - a +1 ring mail of positive energy
 u - a +2 scale mail of fire resistance
Jewellery
 g - an uncursed ring of fire
 i - an uncursed ring of stealth
 k - an uncursed ring of invisibility
 m - a +2 ring of protection (right hand)
 n - an amulet of resist mutation (around neck)
 w - a ring of teleport control (left hand)
Magical devices
 d - a wand of frost (36)
Scrolls
 e - 3 scrolls of remove curse
 h - 2 scrolls of identify
 l - a scroll of enchant armour
 s - a scroll of immolation
 t - 2 scrolls of enchant weapon
Potions
 b - a potion of berserk rage
 f - a potion of agility
 j - a potion of might
 p - a potion of brilliance
Books
 C - a book of Burglary

   Spells                             Type                      Level
   a - Swiftness                      Charms/Air                   2
   b - Passwall                       Transmutation/Earth          3
   c - Passage of Golubria            Translocation                4
   d - Lee's Rapid Deconstruction     Earth                        5
   e - Invisibility                   Hexes                        6
   f - Darkness                       Hexes                        7
Comestibles
 q - 3 chunks of flesh
 v - 3 meat rations
 z - 2 bread rations


   Skills:
 - Level 5.3 Fighting
 - Level 5.1 Long Blades
 - Level 4.0 Throwing
 - Level 6.0 Armour
 - Level 4.4 Dodging
 - Level 0.3 Stealth
 + Level 10.1 Shields


You had 8 spell levels left.
You didn't know any spells.

Dungeon Overview and Level Annotations

Branches:
Dungeon (7/15)             Temple (0/1) D:6

Altars:
Ru
Yredelemnul

Shops:
D:5 !   D:6 (


Innate Abilities, Weirdness & Mutations

You are partially covered in molten scales (AC +1).
You are somewhat resistant to further mutation.


Message History

The centaur zombie hits you but does no damage.
You see here a club.
The orc priest calls down the wrath of Beogh upon you.
Something smites you!
* * * LOW HITPOINT WARNING * * *
There is an open door here.
Drink which item? (? for menu, Esc to quit)
Okay, then.
Evoke which item? (* to show all) (? for menu, Esc to quit)
Zapping:
d - a wand of frost {zapped: 9} (will waste charges)
Press: ? - help, Shift-Dir - straight line, f - centaur zombie
Aim: a centaur zombie The puff of frost hits the centaur zombie.
The centaur zombie resists.
Evoking this partially-identified wand wasted a few charges.
The orc priest shouts, "Join the one true god or die!"
You block the centaur zombie's attack.
The orc priest calls down the wrath of Beogh upon you.
Something smites you!
You die...

#..)#.(.....,,,,,,,
#...+.......,,>,,,,
#...#.......,,,,,,,
#..##.......,,,,,,,
#..#*....,**,,#*,,,
#..#*...,,**,.#*,,*
#..###'#####..*****
#..##.........,*
##@##.....#*,,**
#..Z.)รท...###+##
#...)..........#
#..##.....##...#
#..###o#####..##
#.........##'###
#.......)......#
#..............#
#..##..##.##..#####


You could see an orc priest and a centaur zombie.

Vanquished Creatures
  A troll (D:6)
  Grinder (D:3)
  The ghost of Postman the Sneak, an average DsAs (D:4)
  A hippogriff (D:7)
  2 phantoms (D:5)
  A sky beast (D:5)
  A black bear (D:6)
  An ice beast (D:6)
  2 centaurs (D:6)
  A big kobold (D:7)
  2 giant frogs (D:6)
  4 scorpions
  The ghost of Oper80 the Sneak, a weakling OpEn (D:3)
  3 hounds (D:6)
  A giant frog zombie (D:7)
  A jelly (D:5)
  15 orc wizards
  A centaur zombie (D:5)
  Ijyb (D:2)
  An iguana (D:3)
  4 orc priests
  A giant frog skeleton (D:7)
  4 worker ants
  A killer bee zombie (D:7)
  A hound skeleton (D:4)
  9 adders
  3 shadow imps
  2 adder skeletons
  5 worms
  6 giant geckos
  33 orcs
  9 bats
  A bat skeleton (D:4)
  2 giant cockroaches
  9 hobgoblins
  12 jackals
  A quokka (D:7)
  3 giant newts (D:2)
  14 goblins
  14 kobolds
  19 rats
195 creatures vanquished.

Notes
Turn   | Place    | Note
--------------------------------------------------------------
     0 | D:1      | PhynixH2O the Hill Orc Fighter began the quest for the Orb.
     0 | D:1      | Reached XP level 1. HP: 19/19 MP: 1/1
   239 | D:1      | Reached XP level 2. HP: 27/27 MP: 2/2
   362 | D:1      | Reached skill level 4 in Fighting
  1042 | D:2      | Reached XP level 3. HP: 30/33 MP: 3/3
  1705 | D:2      | Noticed Ijyb
  1755 | D:2      | Killed Ijyb
  1755 | D:2      | Reached XP level 4. HP: 27/41 MP: 4/4
  2247 | D:2      | Gained mutation: You are partially covered in molten scales (AC +1). [potion of mutation]
  2260 | D:3      | Noticed Grinder
  2263 | D:3      | Paralysed by Grinder for 6 turns
  2307 | D:3      | Paralysed by Grinder for 3 turns
  2457 | D:2      | Reached XP level 5. HP: 28/47 MP: 5/5
  2599 | D:3      | Reached skill level 5 in Fighting
  2603 | D:3      | Paralysed by Grinder for 2 turns
  2813 | D:3      | Paralysed by Grinder for 4 turns
  3048 | D:3      | Paralysed by Grinder for 4 turns
  3431 | D:3      | Noticed Oper80's ghost (weakling OpEn)
  3452 | D:3      | Killed Oper80's ghost
  3469 | D:3      | Reached skill level 5 in Long Blades
  3560 | D:3      | Found a basalt altar of Yredelemnul.
  3676 | D:3      | Upgraded the game from 0.17-a0-989-gada8a91 to 0.17-a0-1007-gb2305a1
  3822 | D:3      | Paralysed by Grinder for 4 turns
  3833 | D:3      | Paralysed by Grinder for 2 turns
  3835 | D:3      | Killed Grinder
  3835 | D:3      | Reached skill level 1 in Dodging
  3835 | D:3      | Reached XP level 6. HP: 43/56 MP: 6/6
  3850 | D:3      | Reached XP level 7. HP: 49/61 MP: 7/7
  3955 | D:3      | Reached skill level 1 in Throwing
  4338 | D:4      | Noticed Postman's ghost (average DsAs)
  4364 | D:4      | Killed Postman's ghost
  4364 | D:4      | Reached skill level 5 in Armour
  4566 | D:4      | Reached skill level 5 in Shields
  4566 | D:4      | Reached XP level 8. HP: 68/68 MP: 8/8
  5093 | D:5      | Entered Level 5 of the Dungeon
  5123 | D:5      | Found Loas's Distillery.
  5317 | D:5      | Reached skill level 6 in Armour
  6637 | D:6      | Found a sacrificial altar of Ru.
  6731 | D:6      | Found Apun's Antique Weapon Emporium.
  6755 | D:6      | Bought a falchion for 60 gold pieces
  6849 | D:6      | Reached XP level 9. HP: 67/74 MP: 9/9
  7100 | D:6      | Reached skill level 7 in Shields
  7336 | D:6      | Noticed a troll
  7360 | D:6      | Killed a troll
  7360 | D:6      | Reached skill level 8 in Shields
  7834 | D:6      | Found a staircase to the Ecumenical Temple.
  8194 | D:6      | Reached skill level 9 in Shields
  9043 | D:7      | Gained mutation: You are somewhat resistant to further mutation. [potion of beneficial mutation]
  9246 | D:7      | Reached skill level 10 in Shields
  9606 | D:7      | Killed from afar by an orc priest

Vault maps used:
D:1:      mrwooster_arrival_arrow, minmay_misc_feat_four_crosses
D:2:      kennysheep_big_flooded_room, minmay_liquid_box, uniq_iyjb
D:3:      old_standard_altar, st_stairs_11, serial_bayou_pond_d, uniq_grinder
D:5:      serial_shops, nicolae_shop_waterfront, first_bread
D:6:      nicolae_ru_awakened_eye, minmay_temple_entry_glassed_door,
          serial_shops, nicolae_shop_stone, serial_park_tiny_1

Action                   |  1- 3 |  4- 6 |  7- 9 || total
-------------------------+-------+-------+-------++-------
Melee: Long sword        |   150 |   144 |   676 ||   970
Throw: Javelin           |       |     5 |    24 ||    29
Evoke: Wand              |       |       |     4 ||     4
  Use: Potion            |       |     9 |     8 ||    17
       Scroll            |       |     5 |    10 ||    15
  Eat: Chunk             |     1 |       |    18 ||    19
       Bread ration      |     1 |     1 |       ||     2
       Beef jerky        |       |       |     2 ||     2
